 Dungeon Crawl Stone Soup version 0.24-a0-350-g5b3daab8ba (webtiles) character file.

Game seed: 1105268552658221342

2289 Lanoc the Chopper (level 9, -3/88 HPs)
             Began as a Troll Gladiator on May 23, 2019.
             Was a Follower of Uskayaw.
             Slain by a manticore (21 damage)
             ... on level 6 of the Dungeon.
             The game lasted 00:08:43 (3834 turns).

Lanoc the Chopper (Troll Gladiator)                 Turns: 3834, Time: 00:08:44

Health: -3/88      AC:  6    Str: 24    XL:     9   Next: 17%
Magic:  9/9        EV: 12    Int:  4    God:    Uskayaw [*.....]
Gold:   264        SH:  0    Dex: 14    Spells: 8/8 levels left

rFire    . . .     SeeInvis .   a - +0 war axe
rCold    . . .     Gourm    +   (no shield)
rNeg     . . .     Faith    .   b - +0 robe
rPois    .         Spirit   .   c - +0 hat
rElec    .         Reflect  .   (no cloak)
rCorr    .         Harm     .   (gloves unavailable)
MR       .....                  (boots unavailable)
Stlth    +.........             (no amulet)
HPRegen  0.64/turn              o - ring of wizardry
MPRegen  0.11/turn              (no ring)

@: barbed spikes
A: large, unfitting armour, claws 3, fast metabolism 3, gourmand, regeneration
1, shaggy fur 1, tough skin 3
a: Stomp, Renounce Religion


You were on level 6 of the Dungeon.
You worshipped Uskayaw.
Uskayaw was noncommittal.
You were completely stuffed.

You visited 1 branch of the dungeon, and saw 6 of its levels.
You also visited: Sewer.

You collected 264 gold pieces.

Inventory:

Hand Weapons
 a - a +0 war axe (weapon)
Missiles
 d - 2 throwing nets (quivered)
Armour
 b - a +0 robe (worn)
 c - a +0 hat (worn)
Jewellery
 o - a ring of wizardry (left claw)
 u - an uncursed amulet of guardian spirit
Wands
 t - a wand of polymorph (11)
Scrolls
 e - 6 scrolls of identify
 g - a scroll of fog
 h - 3 scrolls of teleportation
 j - a scroll of amnesia
 k - a scroll of fear
 n - 3 scrolls of remove curse
 p - 2 scrolls of magic mapping {unknown}
 q - a scroll of blinking {unknown}
Potions
 i - 2 potions of invisibility
 l - 2 potions of flight
 m - 6 potions of might
 s - a potion of agility
Comestibles
 f - 12 rations
 r - 5 chunks of flesh


   Skills:
 + Level 5.1 Fighting
 * Level 7.4 Axes
 - Level 1.7 Throwing
 + Level 5.4 Dodging
 + Level 2.6 Invocations


You had 8 spell levels left.
You didn't know any spells.
Your spell library contained the following spells:

 Spells                   Type           Power        Failure   Level  Hunger
 Infusion                 Chrm           #...         22%         1    ##.....
 Sandblast                Erth           #.....       22%         1    ##.....
 Passwall                 Tmut/Erth      #.......     32%         2    ###....
 Shroud of Golubria       Chrm/Tloc      #.........   32%         2    ###....
 Song of Slaying          Chrm           #.......     32%         2    ###....
 Regeneration             Chrm/Necr      #.........   52%         3    ####...
 Spectral Weapon          Hex/Chrm       #.......     52%         3    ####...
 Stone Arrow              Conj/Erth      #.....       52%         3    ####...
 Petrify                  Tmut/Erth      #.......     89%         4    #####..
 Lee's Rapid Deconstruct  Erth           #.........   99%         5    ######.


Dungeon Overview and Level Annotations

Branches:
Dungeon (6/15)
 Temple: D:4-7

Altars:
Fedhas
Gozag
Sif Muna
Uskayaw
Yredelemnul

Annotations:
D:3 1 runed translucent door, Ratty's ghost, amateur DENe


Innate Abilities, Weirdness & Mutations

You are too large for most types of armour.
You have claws for hands.
Your metabolism is lightning-fast.
You like to eat raw meat.
Your natural rate of healing is unusually fast.
You are covered in fur. (AC +1)
You have extremely tough skin. (AC +3)


Message History

The orc warrior moves out of view.
Found a scroll labeled CYUL LOMEFE ZEKK.
You barely miss the manticore. The manticore barely misses you.
The manticore claws you! The manticore misses you.
You barely miss the manticore.
A crimson imp comes into view.
The manticore bites you. The manticore misses you. The manticore claws you.
The crimson imp shouts!
You slash the manticore!
The manticore is moderately wounded.
The manticore bites you!! The manticore claws you! The manticore claws you.
You are too injured to fight recklessly!
You are too injured to fight recklessly!
You slash the manticore!
The manticore is heavily wounded.
The manticore bites you. The manticore barely misses you.
The manticore claws you!
* * * LOW HITPOINT WARNING * * *
The manticore bites you!!
You die...

#.# ##..#..#
########.##... #.#
#..###..###>.....(<...##
#.###.##
##.....###.#..##...
#.#....#.
......###.#..##..#
#...#.##.#
.#...##.)........
#..####
.####..##.)#)###..# #.##
o.?##.......###...
#..####
#H##..............
##..#.##
##@#......##.####.#
##....# #....#.#####.#
#.# ###.##
##.###.......# #..
#..###..# ######### #..
##..#..## ##.# ##...##
#.## ##### ##.# #.. ##..


You could see a manticore and an orc warrior.

Vanquished Creatures
  Grinder (D:4)
  3 ice beasts
  A sky beast (D:6)
  3 phantoms
  3 ogres
  4 centaurs
  A bullfrog (D:6)
  2 scorpions
  2 crimson imps
  2 jellies (D:5)
  A quasit (D:5)
  3 hounds (D:6)
  2 orc priests
  5 orc wizards
  A worker ant (D:6)
  6 gnolls
  4 adders
  2 shadow imps (D:6)
  4 oozes (Sewer)
  An adder skeleton (D:5)
  4 worms
  4 dart slugs
  6 leopard geckos
  18 orcs
  13 bats
  9 giant cockroaches
  A goblin (D:1)
  2 hobgoblins (D:3)
  14 jackals
  5 ball pythons
  3 frilled lizards
  A jackal zombie (D:5)
  2 kobolds
  6 rats
139 creatures vanquished.

Notes
Turn   | Place    | Note
-------+----------+-------------------------------------------
     0 | D:1      | Lanoc the Troll Gladiator began the quest for the Orb.
     0 | D:1      | Reached XP level 1. HP: 19/19 MP: 0/0
   158 | D:1      | Reached XP level 2. HP: 28/28 MP: 1/1
   304 | D:3      | Found an opulent altar of Gozag.
   345 | D:3      | Reached skill level 3 in Axes
   345 | D:3      | Reached XP level 3. HP: 32/35 MP: 2/2
   386 | D:3      | Found a runed translucent door.
   402 | D:2      | Reached XP level 4. HP: 7/42 MP: 3/3
   618 | D:3      | Noticed a centaur
   626 | D:3      | Killed a centaur
   626 | D:3      | Reached skill level 4 in Axes
   626 | D:3      | Reached XP level 5. HP: 20/50 MP: 4/4
   819 | D:3      | Noticed Ratty's ghost (amateur DENe)
   861 | D:3      | Found a blossoming altar of Fedhas.
  1157 | D:4      | Found a deep blue altar of Sif Muna.
  1319 | D:4      | Reached XP level 6. HP: 58/59 MP: 5/5
  1326 | D:4      | Found a basalt altar of Yredelemnul.
  1358 | D:4      | Noticed Grinder
  1397 | D:4      | Paralysed by Grinder for 2 turns
  1402 | D:4      | Killed Grinder
  1402 | D:4      | Reached skill level 5 in Axes
  1402 | D:4      | Reached XP level 7. HP: 65/67 MP: 6/6
  1441 | D:4      | Found a glowing drain.
  1462 | Sewer    | Entered a sewer
  2103 | D:4      | Noticed a +0 hand axe
  2104 | D:4      | Noticed a +0 dagger
  2105 | D:4      | Found a hide-covered altar of Uskayaw.
  2114 | D:4      | Became a worshipper of Uskayaw the Reveler
  2183 | D:4      | Reached * piety under Uskayaw
  2185 | D:4      | Reached ** piety under Uskayaw
  2291 | D:5      | Entered Level 5 of the Dungeon
  2360 | D:5      | Reached *** piety under Uskayaw
  2363 | D:5      | Reached **** piety under Uskayaw
  2513 | D:5      | Reached skill level 6 in Axes
  2513 | D:5      | Reached XP level 8. HP: 78/78 MP: 7/7
  3021 | D:6      | Reached skill level 1 in Invocations
  3085 | D:6      | Reached skill level 5 in Dodging
  3182 | D:6      | Found an opulent altar of Gozag.
  3249 | D:6      | Reached ***** piety under Uskayaw
  3445 | D:6      | Reached skill level 7 in Axes
  3590 | D:6      | Reached skill level 5 in Fighting
  3590 | D:6      | Reached XP level 9. HP: 42/88 MP: 9/9
  3829 | D:6      | Noticed a manticore
  3834 | D:6      | Slain by a manticore

Levels and vault maps discovered:
D:1:      dpeg_arrival_circle_labyrinth_c, layout_loops_ring
D:2:      layout_basic, zin_academy, serial_co_window_serial,
          co_window_corner_a, co_window_paths_a, co_window_paths_b,
          co_window_corner_a, co_window_paths_a, co_window_paths_a,
          co_window_paths_a, co_window_corner_cb, co_window_2corner,
          co_window_broadway_c, co_window_corner_cb, co_window_broadway_b,
          glass_columns_a, glass_columns_b, glass_columns_c, glass_columns_b,
          first_ration, minmay_tiny_reverse_x, uniq_sigmund, uniq_jessica
D:3:      layout_loops_cross, fedhas_altar_2, gammafunk_ghost_grave,
          nicolae_gozag_cash_rules_everything_around_me
D:4:      layout_basic, lemuel_crystal_altar, dancing_weapons_uskayaw,
          yredelemnul_altar_generic, kennysheep_okawaru_gauntlet,
          gup_sewer_entry_pipe, uniq_grinder
D:5:      layout_cave_pools
D:6:      layout_loops_cross, basic_altar, hangedman_decor_opposing,
          minmay_fractal_squares_gapless_5

Skill      XL: |  1  2  3  4  5  6  7  8 |
---------------+-------------------------+-----
Fighting       | 2 3 4 5 |  5.1
Axes           | 3 4 5 6 7 |  7.4
Dodging        | 3 4 5 |  5.4
Invocations    | 2 |  2.6
Throwing       | |  1.7

Action                   |  1- 3 |  4- 6 |  7- 9 || total
-------------------------+-------+-------+-------++-------
Melee: War axe           |    77 |   112 |   328 ||   517
Throw: Throwing net      |       |     1 |       ||     1
  Use: Scroll            |       |     5 |     5 ||    10
       Potion            |       |     4 |     2 ||     6
 Stab: Distracted        |       |     1 |     1 ||     2
       Held in net/web   |       |     2 |       ||     2
       Paralysed         |       |       |    15 ||    15
  Eat: Chunk             |     3 |    12 |    29 ||    44
Armor: Robe              |    35 |    34 |   144 ||   213
Dodge: Dodged            |    58 |    85 |   270 ||   413

Table legend:
 A = Non-vault XP
 B = Vault XP
 C = Vault XP percentage of total XP
 D = Non-vault monster count
 E = Vault monster count
 F = Vault count percentage of total count
                 A         B        C        D         E       F
            +---------+---------+-------+---------+---------+-------
      Total |    2916 |     355 |  10.9 |     108 |      31 |  22.3
            +---------+---------+-------+---------+---------+-------
        D:1 |      13 |       0 |   0.0 |       6 |       0 |   0.0
        D:2 |      19 |       0 |   0.0 |       5 |       0 |   0.0
        D:3 |     332 |       0 |   0.0 |      38 |       0 |   0.0
        D:4 |     261 |     283 |  52.0 |       9 |       6 |  40.0
        D:5 |     903 |       0 |   0.0 |      18 |       0 |   0.0
        D:6 |    1388 |       0 |   0.0 |      32 |       0 |   0.0
      Sewer |       0 |      72 | 100.0 |       0 |      25 | 100.0
            +---------+---------+-------+---------+---------+-------
